 Dungeon Crawl Stone Soup version 0.23.0-33-g5e6c059 (webtiles) character file.

Game seed: 16459266842400038731

1701 Kairos the Chopper (level 9, -4/46 HPs)
             Began as a Vine Stalker Fighter on Feb 26, 2019.
             Was a Priest of Okawaru.
             Killed from afar by an orc wizard (9 damage)
             ... with a magic dart
             ... on level 6 of the Dungeon.
             The game lasted 00:09:34 (4151 turns).

Kairos the Chopper (Vine Stalker Fighter)           Turns: 4151, Time: 00:09:35

Health: -4/46      AC: 13    Str: 23    XL:     9   Next: 3%
Magic:  0/10       EV:  7    Int: 10    God:    Okawaru [***...]
Gold:   318        SH: 10    Dex: 13    Spells: 8/8 levels left

rFire    . . .     SeeInvis .   n - +5 morningstar of Bloody Death {chaos, rPois rC+ Int+2}
rCold    + . .     Gourm    .   c - +0 shield
rNeg     . . .     Faith    .   m - +0 chain mail
rPois    +         Spirit   +   j - +0 helmet
rElec    .         Reflect  .   q - +0 cloak
rCorr    .         Harm     +   (no gloves)
MR       +....                  s - +0 pair of boots
Stlth    ..........             p - amulet of harm
HPRegen  0.55/turn              (no ring)
MPRegen  0.12/turn              (no ring)

@: no status effects
A: fangs 3, regeneration 1, magic shield, antimagic bite, no potion heal 3, rot
immunity
a: Heroism, Renounce Religion


You were on level 6 of the Dungeon.
You worshipped Okawaru.
Okawaru was most pleased with you.
You were not hungry.

You visited 1 branch of the dungeon, and saw 6 of its levels.
You also visited: Sewer.

You collected 318 gold pieces.

Inventory:

Hand Weapons
 a - a +0 war axe
 n - the +5 morningstar of Bloody Death (weapon) {chaos, rPois rC+ Int+2}
   (You found it in a sewer)

   Each time it hits an enemy it has a different, random effect.
   It affects your intelligence (+2).
   It protects you from cold.
   It protects you from poison.
 B - a +3 whip of draining
Missiles
 h - 3 throwing nets (quivered)
Armour
 b - a +0 scale mail
 c - a +0 shield (worn)
 j - a +0 helmet (worn)
 m - a +0 chain mail (worn)
 q - a +0 cloak (worn)
 s - a +0 pair of boots (worn)
Jewellery
 p - an amulet of harm (around neck)
Scrolls
 e - a scroll of remove curse
 g - 5 scrolls of teleportation
 k - 2 scrolls of identify
 l - a scroll of fog
 o - 3 scrolls of amnesia
 u - a scroll of enchant armour {unknown}
 v - a scroll of enchant weapon {unknown}
 w - 2 scrolls of blinking
 x - a scroll of fear
 y - a scroll of noise {unknown}
Potions
 d - 2 potions of might
 i - 2 potions of flight
 r - a potion of lignification {unknown}
 t - 2 potions of degeneration
 z - a potion of berserk rage
 A - a potion of agility {unknown}
 C - a potion of curing
 D - 2 potions of haste {unknown}
 E - a potion of brilliance {unknown}
Comestibles
 f - 7 rations


   Skills:
 + Level 4.4 Fighting
 + Level 6.7(6.9) Axes
 + Level 2.1(4.8) Maces & Flails
 + Level 4.3 Armour
 + Level 2.0 Dodging
 + Level 1.0 Stealth
 + Level 5.1 Shields
 + Level 0.1 Invocations


You had 8 spell levels left.
You didn't know any spells.
Your spell library was empty.

Dungeon Overview and Level Annotations

Branches:
Dungeon (6/15)
 Temple: D:4-7

Altars:
Cheibriados
Kikubaaqudgha
Makhleb
Okawaru
Ru


Innate Abilities, Weirdness & Mutations

You have razor-sharp teeth.
Your natural rate of healing is unusually fast.
When hurt, damage is shared between your health and your magic reserves.
Your bite disrupts and absorbs the magic of your enemies.
Potions cannot restore your health.
You are immune to rotting.


Message History

You barely miss the orc warrior. Something hits you but does no damage.
You are electrocuted!
Something hits you.
The orc warrior hits you with a +0 trident!
* * * LOW HITPOINT WARNING * * *
You bludgeon the orc warrior!!
You kill the orc warrior!
Okawaru accepts your kill.
Your base Maces & Flails skill increases to level 2!
Your Dodging skill increases to level 2!
Your Stealth skill increases to level 1!
You have reached level 9!
Your experience leads to an increase in your attributes!
Your base attributes are Str 22, Int 8, Dex 13.
Increase (S)trength, (I)ntelligence, or (D)exterity?
You feel stronger.
You hear a loud, deep croak!
Something hits you but does no damage.
A magic dart appears from out of thin air!
The magic dart hits you!
You die...

##### #### ...#
... #### #.##.#
#.<.###{...#
#..@)oY<.#
#...#####......#
##.# #..##### #.
#o.# # ...o
#)oo. #.....
#.#....


You could see a sky beast and an orc.

Vanquished Creatures
  An ice beast (D:4)
  A sky beast (D:5)
  An orc warrior (D:6)
  An ogre (D:5)
  3 big kobolds (D:3)
  2 bullfrogs (Sewer)
  A gnoll sergeant (D:4)
  3 hounds
  A quasit (D:5)
  A bullfrog zombie (D:5)
  6 gnoll shamans (D:4)
  An iron imp (D:5)
  2 orc wizards
  A hound skeleton (D:3)
  33 gnolls
  6 adders
  A white imp (D:5)
  An adder skeleton (D:4)
  2 worms (D:3)
  2 dart slugs
  A leopard gecko (D:4)
  6 orcs
  9 giant cockroaches
  8 hobgoblins
  22 jackals
  2 quokkas
  4 ball pythons
  4 bats
  7 frilled lizards
  6 goblins
  45 kobolds
  A leopard gecko skeleton (D:5)
  6 rats
191 creatures vanquished.

Notes
Turn   | Place    | Note
-------+----------+-------------------------------------------
     0 | D:1      | Kairos the Vine Stalker Fighter began the quest for the
                  | Orb.
     0 | D:1      | Reached XP level 1. HP: 11/11 MP: 2/2
   132 | D:1      | Reached XP level 2. HP: 13/16 MP: 3/3
   460 | D:2      | Reached XP level 3. HP: 16/19 MP: 4/4
   478 | D:2      | Reached skill level 2 in Axes
   681 | D:2      | Found a faded altar of an unknown god.
   835 | D:2      | Found an ancient bone altar of Kikubaaqudgha.
   835 | D:2      | Noticed a human
   930 | D:2      | Became a worshipper of Warmaster Okawaru
   930 | D:2      | Reached * piety under Okawaru
  1043 | D:3      | Gained mutation: Your natural rate of healing is unusually
                  | fast. [Vine Stalker growth]
  1043 | D:3      | Reached XP level 4. HP: 23/23 MP: 5/5
  1629 | D:3      | Noticed a big kobold
  1639 | D:3      | Killed a big kobold
  1639 | D:3      | Reached skill level 3 in Axes
  1639 | D:3      | Reached XP level 5. HP: 28/28 MP: 6/6
  1706 | D:3      | Noticed a big kobold
  1715 | D:3      | Killed a big kobold
  1715 | D:3      | Reached ** piety under Okawaru
  1715 | D:3      | Reached skill level 1 in Dodging
  1715 | D:3      | Reached XP level 6. HP: 28/32 MP: 7/7
  2125 | D:4      | Reached skill level 4 in Axes
  2239 | D:4      | Reached XP level 7. HP: 25/36 MP: 5/8
  2323 | D:4      | Reached skill level 1 in Maces & Flails
  2359 | D:4      | Reached skill level 5 in Axes
  2384 | D:4      | Gained mutation: You have razor-sharp teeth. [Vine Stalker
                  | growth]
  2384 | D:4      | Reached XP level 8. HP: 20/42 MP: 4/9
  3140 | D:5      | Entered Level 5 of the Dungeon
  3169 | D:5      | Reached *** piety under Okawaru
  3266 | D:5      | Found a glowing drain.
  3271 | Sewer    | Entered a sewer
  3485 | Sewer    | Reached skill level 6 in Axes
  3526 | Sewer    | Got a warped morningstar
  3527 | Sewer    | Identified the +5 morningstar of Bloody Death {chaos, rPois
                  | rC+ Int+2} (You found it in a sewer)
  3607 | D:5      | Found a burning altar of Makhleb.
  3796 | D:5      | Found a snail-covered altar of Cheibriados.
  3826 | D:5      | Found a sacrificial altar of Ru.
  3942 | D:5      | Reached skill level 5 in Shields
  4150 | D:6      | Reached skill level 1 in Stealth
  4150 | D:6      | Reached XP level 9. HP: 4/46 MP: 0/10
  4151 | D:6      | Killed from afar by an orc wizard

Skill      XL: |  1  2  3  4  5  6  7  8 |
---------------+-------------------------+-----
Shields        | 3 4 5 |  5.1
Axes           | 2 3 4 5 6 |  6.7
Armour         | 3 4 |  4.3
Fighting       | 3 4 |  4.4
Dodging        | 1 2 |  2.0
Maces & Flails | 1 2 |  2.1
Stealth        | 1 |  1.0
Invocations    | |  0.1

Action                   |  1- 3 |  4- 6 |  7- 9 || total
-------------------------+-------+-------+-------++-------
Melee: War axe           |   112 |   131 |   172 ||   415
       Bite              |    33 |    38 |    56 ||   127
       Whip              |       |    12 |    33 ||    45
       Morningstar       |       |       |    47 ||    47
Invok: Heroism           |       |     2 |     4 ||     6
  Use: Scroll            |     2 |       |     7 ||     9
       Potion            |       |       |     4 ||     4
 Stab: Paralysed         |       |       |     1 ||     1
  Eat: Chunk             |       |     5 |     2 ||     7
       Ration            |       |       |     2 ||     2
Armor: Scale mail        |    21 |       |       ||    21
       Chain mail        |    61 |   101 |   171 ||   333
Dodge: Dodged            |    32 |    38 |    92 ||   162
Block: Shield            |    63 |   100 |   183 ||   346
